 Dungeon Crawl Stone Soup version 0.24-a0-459-g225fefd530 (webtiles) character file.

Game seed: 1620762788497767462

14 Iscandelvey the Vexing (level 2, 21/21 HPs)
             Began as a Demonspawn Arcane Marksman on June 28, 2019.
             Quit the game on level 1 of the Dungeon.
             The game lasted 00:00:12 (231 turns).

Iscandelvey the Vexing (Demonspawn Arcane Marksman)  Turns: 231, Time: 00:00:12

Health: 21/21      AC:  2    Str: 10    XL:     2   Next: 31%
Magic:  3/3        EV: 14    Int: 14    God:
Gold:   7          SH:  0    Dex: 13    Spells: 2/3 levels left

rFire    . . .     SeeInvis .   a - +0 hunting sling
rCold    . . .     Gourm    .   (no shield)
rNeg     . . .     Faith    .   e - +0 robe
rPois    .         Spirit   .   (no helmet)
rElec    .         Reflect  .   (no cloak)
rCorr    .         Harm     .   (no gloves)
MR       .....                  (no boots)
Stlth    +.........             (no amulet)
HPRegen  0.07/turn              (no ring)
MPRegen  0.08/turn              (no ring)

@: no status effects
A: repulsion field 1
a: no special abilities


You were on level 1 of the Dungeon.
You were not hungry.

You visited 1 branch of the dungeon, and saw 1 of its levels.

You collected 7 gold pieces.

Inventory:

Hand Weapons
 a - a +0 hunting sling (weapon)
Missiles
 d - 42 sling bullets (quivered)
Armour
 e - a +0 robe (worn)
Jewellery
 g - an uncursed amulet of rage {unknown}
Scrolls
 b - a scroll of random uselessness {unknown}
 h - a scroll of identify {unknown}
Potions
 c - 2 potions of agility {unknown}
Comestibles
 f - a ration


   Skills:
 + Level 1.0 Fighting
 + Level 1.9 Slings
 + Level 2.0 Dodging
 + Level 1.0 Spellcasting
 + Level 3.5 Hexes


You had 2 spell levels left.
You knew the following spells:

 Your Spells              Type           Power        Failure   Level  Hunger
a - Corona                Hex            ##.....      6%          1    ##.....

Your spell library contained the following spells:

 Spells                   Type           Power        Failure   Level  Hunger
 Slow                     Hex            ##......     9%          2    ###....
 Inner Flame              Hex/Fire       #.......     36%         3    ####...
 Portal Projectile        Hex/Tloc       #.....       36%         3    ####...
 Cause Fear               Hex            ##........   52%         4    #####..
 Leda's Liquefaction      Hex/Erth       #.........   77%         4    #####..


Dungeon Overview and Level Annotations

Branches:
Dungeon (1/15)

Altars:


Innate Abilities, Weirdness & Mutations

You are surrounded by a mild repulsion field. (EV +2)


Message History

Press: ? - help, Shift-Dir - straight line, f/p - bat
Aim: a bat (heavily wounded)
You shoot a sling bullet. The sling bullet hits the bat.
You kill the bat!
d - 35 sling bullets (gained 1)
You see here a bat corpse.
d - 36 sling bullets (gained 1)
d - 38 sling bullets (gained 2)
You see here a dart slug corpse.
d - 39 sling bullets (gained 1)
d - 41 sling bullets (gained 2)
g - a thick blue amulet No target in view!
d - 42 sling bullets (gained 1)
You see here a bat corpse.
h - a scroll labeled COOC SOVIASIFO No target in view!
A kobold comes into view. It is wielding a +0 short sword.
The kobold shouts!
You hear a shout!
Are you sure you want to abandon this character and quit the game? (Confirm with "yes".)

≈≈≈♣ ≈≈≈P
≈≈≈≈≈ ♣♣♣
≈≈≈≈P ≈P ≈≈≈P
!♣♣PK #.≈♣
#@#
≈≈≈####.###.♣
♣.........#
≈P≈≈###.#####
.♣≈PP.≈≈ #..#
#.≈P≈P.≈≈≈≈
#.##
#.♣≈≈≈.P≈≈♣
#.# #
.≈PPP.≈≈≈ #.#
## ♣≈P≈.≈≈
#.#


You could see a kobold.

Vanquished Creatures
  A dart slug (D:1)
  2 ball pythons (D:1)
  A bat (D:1)
  A giant cockroach (D:1)
  A goblin (D:1)
  3 hobgoblins (D:1)
  A kobold (D:1)
  A rat (D:1)
11 creatures vanquished.

Notes
Turn   | Place    | Note
-------+----------+-------------------------------------------
     0 | D:1      | Iscandelvey the Demonspawn Arcane Marksman began the quest
                  | for the Orb.
     0 | D:1      | Reached XP level 1. HP: 15/15 MP: 2/2
   155 | D:1      | Gained mutation: You are surrounded by a mild repulsion
                  | field. (EV +2) [demonic ancestry]
   155 | D:1      | Reached XP level 2. HP: 21/21 MP: 3/3
   231 | D:1      | Quit the game

Levels and vault maps discovered:
D:1:      dpeg_chamrin_arrival_tetris, layout_loops_ring, serial_bayou_lagoon_b

Skill      XL: |  1 |
---------------+----+-----
Dodging        | 2 |  2.0
Fighting       | |  1.0
Slings         | |  1.9
Spellcasting   | |  1.0
Hexes          | |  3.5

Action                   || total
-------------------------++-------
 Fire: Hunting sling     ||    32
Armor: Robe              ||     6
Dodge: Dodged            ||     5

Table legend:
 A = Non-vault XP
 B = Vault XP
 C = Vault XP percentage of total XP
 D = Non-vault monster count
 E = Vault monster count
 F = Vault count percentage of total count
                 A         B        C        D         E       F
            +---------+---------+-------+---------+---------+-------
      Total |      21 |       0 |   0.0 |      11 |       0 |   0.0
            +---------+---------+-------+---------+---------+-------
        D:1 |      21 |       0 |   0.0 |      11 |       0 |   0.0
            +---------+---------+-------+---------+---------+-------
